 Dungeon Crawl Stone Soup version 0.18-a0-1649-g8d9735b (webtiles) character file.

109 inmateoo the Skirmisher (level 4, -1/38 HPs)
             Began as a Minotaur Arcane Marksman on Mar 29, 2016.
             Slain by a gnoll
             ... wielding a +0 club
              (11 damage)
             ... on level 2 of the Dungeon.
             The game lasted 00:03:35 (2232 turns).

inmateoo the Skirmisher (Minotaur Arcane Marksman)  Turns: 2232, Time: 00:03:36

Health: -1/38      AC:  3    Str: 17    XL:     4   Next: 60%
Magic:  4/4        EV:  7    Int: 10    God:
Gold:   151        SH: 12    Dex:  9    Spells: 1 memorised, 4 levels left

rFire  . . .     SeeInvis .     i - +0 flail
rCold  . . .     Gourm    .     b - +0 robe
rNeg   . . .     Faith    .     r - +0 large shield
rPois  .         Spirit   .     (helmet restricted)
rElec  .         Dismiss  .     (no cloak)
rCorr  .         Reflect  .     g - +0 pair of gloves
SustAt .         Harm     .     (no boots)
MR     .....                    (no amulet)
Stlth  +.........               (no ring)
                                x - ring of flight

@: not resistant to hostile enchantments, very unstealthy
A: retaliatory headbutt, horns 2
a: Evoke Flight


You were on level 2 of the Dungeon.
You were not hungry.

You visited 1 branch of the dungeon, and saw 3 of its levels.

You collected 151 gold pieces.

Inventory:

Hand Weapons
 a - a +0 hand crossbow
 i - a +0 flail (weapon)
Missiles
 d - 66 bolts
Armour
 b - a +0 robe (worn)
 g - a +0 pair of gloves (worn)
 r - a +0 large shield (worn)
Jewellery
 j - an uncursed ring of fire
 x - a ring of flight (left hand)
Scrolls
 k - 2 scrolls of enchant armour {unknown}
 n - 2 scrolls of amnesia {unknown}
 o - a scroll of fear {unknown}
 p - 3 scrolls of fog {unknown}
 u - 2 scrolls of identify {unknown}
 v - a scroll of noise {unknown}
Potions
 e - 2 potions of curing {unknown}
 h - a potion of mutation {unknown}
 l - a potion of ambrosia {unknown}
 q - 2 potions of degeneration {unknown}
 s - a potion of brilliance {unknown}
 w - a potion of cancellation {unknown}
Books
 c - a book of Debilitation

   Spells                             Type                      Level
   a - Corona                         Hexes                        1
   b - Slow                           Hexes                        2
   c - Gell's Gravitas                Hexes/Translocation          3
   d - Inner Flame                    Hexes/Fire                   3
   e - Cause Fear                     Hexes                        4
   f - Leda's Liquefaction            Hexes/Earth                  4
Comestibles
 f - 2 bread rations
 m - 3 fruits
 t - a royal jelly


   Skills:
 + Level 3.3 Fighting
 * Level 1.4 Maces & Flails
 - Level 2.1 Crossbows
 + Level 2.9 Armour
 - Level 2.1 Dodging
 + Level 1.7 Shields
 - Level 1.0 Spellcasting
 - Level 2.0 Hexes


You had 4 spell levels left.
You knew the following spells:

 Your Spells              Type           Power        Failure   Level  Hunger
a - Corona                Hex            #......      100%        1    ##.....


Dungeon Overview and Level Annotations

Branches:
Dungeon (3/15)

Altars:
Cheibriados
Fedhas
Qazlal

Annotations:
D:3 Pr0man's ghost, amateur HEHu


Innate Abilities, Weirdness & Mutations

You reflexively headbutt those who attack you in melee.
You have a pair of horns on your head.


Message History

You closely miss the gnoll. Your headbutt misses the gnoll.
You block the gnoll's attack. The gnoll hits you with a club.
You hit the gnoll but do no damage. The gnoll hits you with a club!
* * * LOW HITPOINT WARNING * * *
You see here a scroll labeled RINGYO HOSM.
You see here a quokka corpse.
You see here a dagger.
Pr0man's ghost effortlessly reloads its weapon.
Pr0man's ghost struggles to reload its weapon.
There is a stone staircase leading up here.
You block the gnoll's attack.
You climb upwards.
There is a stone staircase leading down here.
You hit the gnoll but do no damage. The gnoll hits you with a club!
* * * LOW HITPOINT WARNING * * *
You barely miss the gnoll. You block the gnoll's attack.
You sock the gnoll! Your headbutt misses the gnoll.
The gnoll is severely wounded.
You block the gnoll's attack. The gnoll hits you with a club!
You die...

#.###...#####.#####.#
######...................#
........#..........#######
####.#........####.#
###..#...##.#.# #.#
#...........#.# #.#
#.#.........#.# #.#
...........##.####.#
.......>.......g@..#
###.......###.######
#......## #.# ##.##### #.#
####.# #.# .....# #.#
###### #.# #.# #########.#


You could see a gnoll.

Vanquished Creatures
  3 gnolls
  3 adders (D:2)
  An ooze (D:1)
  A worm (D:2)
  3 dart slugs
  A giant gecko (D:3)
  An orc (D:3)
  2 ball pythons
  4 bats
  A giant cockroach (D:1)
  4 goblins
  2 hobgoblins
  4 jackals (D:1)
  5 kobolds
  A quokka (D:3)
  3 giant newts
  3 rats
42 creatures vanquished.

Notes
Turn   | Place    | Note
--------------------------------------------------------------
     0 | D:1      | inmateoo the Minotaur Arcane Marksman began the quest for the Orb.
     0 | D:1      | Reached XP level 1. HP: 16/16 MP: 1/1
     2 | D:1      | Noticed a vampire
     4 | D:1      | Noticed a demigod
     6 | D:1      | Noticed an elf
     6 | D:1      | Noticed a dwarf
     8 | D:1      | Noticed a felid
     8 | D:1      | Noticed a merfolk
    10 | D:1      | Noticed a gargoyle
    12 | D:1      | Noticed a troll
    12 | D:1      | Noticed a draconian
    14 | D:1      | Noticed a spriggan
    14 | D:1      | Noticed a demonspawn
    16 | D:1      | Noticed a centaur
    16 | D:1      | Noticed a vine stalker
    18 | D:1      | Noticed a halfling
    18 | D:1      | Noticed a minotaur
    20 | D:1      | Noticed a naga
    20 | D:1      | Noticed a ghoul
    22 | D:1      | Noticed a tengu
    22 | D:1      | Noticed an octopode
    24 | D:1      | Noticed an ogre
    24 | D:1      | Noticed a formicid
    26 | D:1      | Noticed a human
    52 | D:1      | Reached skill level 1 in Armour
    75 | D:1      | Reached XP level 2. HP: 7/24 MP: 2/2
   351 | D:1      | Reached skill level 2 in Fighting
   706 | D:1      | Reached XP level 3. HP: 30/30 MP: 3/3
  1215 | D:2      | Found a stormy altar of Qazlal.
  1378 | D:2      | Found a snail-covered altar of Cheibriados.
  1393 | D:2      | Reached skill level 1 in Maces & Flails
  1393 | D:2      | Reached skill level 1 in Shields
  1647 | D:2      | Reached skill level 3 in Fighting
  1647 | D:2      | Reached XP level 4. HP: 34/38 MP: 4/4
  1771 | D:2      | Found a blossoming altar of Fedhas.
  2135 | D:3      | Noticed Pr0man's ghost (amateur HEHu)
  2232 | D:2      | Slain by a gnoll

Vault maps used:
D:1:      kb_arrival_jail
D:2:      fedhas_altar_3, old_standard_altar, nicolae_qazlal_general_emergency
D:3:      hex_medium

Skill      XL: |  1  2  3 |
---------------+----------+-----
Armour         | 1 2 |  2.9
Fighting       | 2 3 |  3.3
Maces & Flails | 1 |  1.4
Shields        | 1 |  1.7
Crossbows      | |  2.1
Dodging        | |  2.1
Spellcasting   | |  1.0
Hexes          | |  2.0

Action                   |  1- 3 |  4- 6 || total
-------------------------+-------+-------++-------
Melee: Flail             |    52 |    43 ||    95
 Fire: Hand crossbow     |    18 |       ||    18
  Eat: Chunk             |     2 |     2 ||     4
